 Dungeon Crawl Stone Soup version 0.21.0-3-g78d12a8 (webtiles) character file.

29 tidbits the Sneak (level 3, 0/18 HPs)
             Began as a Vine Stalker Wizard on Jan 10, 2018.
             Succumbed to an orc priest's poison
             ... on level 3 of the Dungeon.
             The game lasted 00:05:25 (576 turns).

tidbits the Sneak (Vine Stalker Wizard)              Turns: 576, Time: 00:05:26

Health: 0/18       AC: 14    Str: 10    XL:     3   Next: 16%
Magic:  0/8        EV: 10    Int: 18    God:
Gold:   53         SH:  4    Dex: 12    Spells: 5/8 levels left

rFire    . . .     SeeInvis .   k - +0 morningstar
rCold    . . .     Gourm    .   (no shield)
rNeg     . . .     Faith    .   B - quicksilver dragon scales
rPois    .         Spirit   +   b - +0 hat
rElec    .         Reflect  .   (no cloak)
rCorr    .         Harm     .   G - +2 pair of gloves
MR       +....                  (no boots)
Stlth    ++........             (no amulet)
HPRegen  0.06/turn              (no ring)
MPRegen  0.11/turn              (no ring)

@: lethally poisoned (0 -> -13), very slightly contaminated, hasted, very quick
A: fangs 2, large bone plates 1, molten scales 1, magic shield, antimagic bite,
no potion heal 3, rot immunity
a: no special abilities


You were on level 3 of the Dungeon.
You were not hungry.

You visited 1 branch of the dungeon, and saw 4 of its levels.

You collected 53 gold pieces.

Inventory:

Hand Weapons
 a - a +0 club
 k - a +0 morningstar (weapon)
Missiles
 l - 20 arrows
Armour
 b - a +0 hat (worn)
 h - a +0 robe
 B - quicksilver dragon scales (worn)
 G - a +2 pair of gloves (worn)
Wands
 m - a wand of flame (28)
Potions
 e - a potion of mutation {!q}
 f - a potion of berserk rage {unknown}
 g - a potion of heal wounds {unknown}
 i - a potion of might {unknown}
 j - a potion of haste
Books
 c - a book of Minor Magic

   Spells                             Type                      Level
   a - Magic Dart                     Conjuration                  1
   b - Blink                          Translocation                2
   c - Call Imp                       Summoning                    2
   d - Slow                           Hexes                        2
   e - Conjure Flame                  Conjuration/Fire             3
   f - Mephitic Cloud                 Conjuration/Poison/Air       3
Comestibles
 d - 2 rations


   Skills:
 + Level 1.5 Fighting
 - Level 1.5 Dodging
 + Level 3.6 Stealth
 - Level 3.2 Spellcasting
 - Level 1.0 Conjurations
 - Level 1.0 Summonings
   Level 1.0 Translocations


You had 5 spell levels left.
You knew the following spells:

 Your Spells              Type           Power        Failure   Level  Hunger
a - Magic Dart            Conj           #...         26%         1    None
i - Call Imp              Summ           #.......     38%         2    ##.....


Dungeon Overview and Level Annotations

Branches:
Dungeon (4/15)
 Temple: D:4-7

Altars:
Wu Jian


Innate Abilities, Weirdness & Mutations

You have extremely sharp teeth.
When hurt, damage is shared between your health and your magic reserves.
Your bite disrupts and absorbs the magic of your enemies.
Potions cannot restore your health.
You are immune to rotting.
You are partially covered in large bone plates. (SH +4)
You are partially covered in molten scales. (AC +2)


Message History

Found a morningstar.
Magic restored.
An orc comes into view. It is wielding a whip.
You see here a morningstar.
An orc priest comes into view. It is wielding a hand axe of venom.
You see here a morningstar.
k - a morningstar The orc hits you with a whip.
An orc comes into view. It is wielding a club.
Wield which item (- for none, * to show all)? (? for menu, Esc to quit)
k - a +0 morningstar (weapon)
An orc wizard comes into view. It is wielding a dagger.
A kobold comes into view. It is wielding an antimagic dagger.
The kobold shouts!
The orc priest looks braver for a moment.
There is an open door here.
You hit the orc but do no damage. The orc closely misses you.
You hit the orc but do no damage. The orc hits you with a whip. x2
You closely miss the orc. The orc hits you but does no damage.
Casting: Magic Dart
Confirm with . or Enter, or press ? or * to list all spells.
Aiming: Magic Dart
Press: ? - help, Shift-Dir - straight line, f - orc
Aim: an orc, wielding a whip and wearing a chain mail The magic dart hits the orc.
The orc barely misses you.
Casting: Magic Dart
Confirm with . or Enter, or press ? or * to list all spells.
Aiming: Magic Dart
Press: ? - help, Shift-Dir - straight line, f/p - orc
Aim: an orc, wielding a whip and wearing a chain mail You miscast Magic Dart.
You are very lightly contaminated with residual magic.
Nothing appears to happen.
The orc hits you but does no damage.
Evoke which item? (* to show all) (? for menu, Esc to quit)
Aiming: Throw Flame
Press: ? - help, Shift-Dir - straight line, f/p - orc
Aim: an orc, wielding a whip and wearing a chain mail The puff of flame hits the orc.
The orc is moderately wounded.
The orc hits you with a whip.
Unknown command.
It was a potion of haste.
You feel yourself speed up. The orc hits you but does no damage.
You hit the orc.
You kill the orc!
Press: ? - help, v - describe, . - travel, g - get item
Here: an orc priest, wielding a hand axe of venom A whip.
There is something else lying underneath.
The floor.
Your quicksilver dragon scales prevents you from hitting the orc priest.
The orc priest closely misses you.
Casting: Magic Dart
Confirm with . or Enter, or press ? or * to list all spells.
Aiming: Magic Dart
Press: ? - help, Shift-Dir - straight line, f - orc priest
Aim: an orc priest, wielding a hand axe of venom The magic dart hits the orc priest.
The orc priest hits you but does no damage.
Casting: Magic Dart
Confirm with . or Enter, or press ? or * to list all spells.
Aiming: Magic Dart
Press: ? - help, Shift-Dir - straight line, f/p - orc priest
Aim: an orc priest, wielding a hand axe of venom The magic dart hits the orc priest.
The orc priest is lightly wounded.
Press: ? - help, v - describe, . - travel, g - get item
Here: an orc priest, wielding a hand axe of venom (lightly wounded)
A whip.
There is something else lying underneath.
The floor.
The orc wizard shouts!
You hit the orc priest but do no damage.
The orc priest is lightly wounded.
The orc priest mumbles some strange prayers to Beogh against you.
Pain shoots through your body!
You closely miss the orc priest. Your bite misses the orc priest.
The orc priest is lightly wounded.
The orc priest miscasts a cantrip.
Your quicksilver dragon scales prevents you from hitting the orc priest.
Your bite misses the orc priest.
The orc priest is lightly wounded.
The orc priest hits you but does no damage.
You are poisoned.
Casting: Magic Dart
Confirm with . or Enter, or press ? or * to list all spells.
Aiming: Magic Dart
Press: ? - help, Shift-Dir - straight line, f/p - orc priest
Aim: an orc priest, wielding a hand axe of venom (lightly wounded)
The magic dart hits the orc priest.
The orc priest is lightly wounded.
You feel sick.
The orc priest mumbles some strange prayers to Beogh against you.
Pain shoots through your body!
Ouch! That really hurt!
* * * LOW HITPOINT WARNING * * *
It was a potion of mutation.
You feel extremely strange.
Large bone plates grow over parts of your arms.
Molten scales grow over part of your body.
You die...

.....# #...# ##...##
#.....##############
##.o.....o..K.......
##K#########..##### #o#
#..## #o# #.#.### #@#
#.###..# #...# ##.#.#o#
#.....# #..##.#
#.......# ##.###.##
#.........####........
.'.........'.o.....#.##
.#
###.........####...##>##
####.#### .........##
##.#..... #.......#
###.#.##


You could see an orc priest, an orc wizard, an orc and a kobold.

Vanquished Creatures
  A dart slug (D:3)
  An orc (D:3)
  A ball python (D:2)
  3 giant cockroaches
  3 goblins
  4 hobgoblins
  3 jackals (D:3)
  2 bats
  2 frilled lizards
  3 rats
23 creatures vanquished.

Notes
Turn   | Place    | Note
-------+----------+-------------------------------------------
     0 | D:1      | tidbits the Vine Stalker Wizard began the quest for the Orb.
     0 | D:1      | Reached XP level 1. HP: 9/9 MP: 5/5
   146 | D:1      | Reached XP level 2. HP: 14/14 MP: 0/7
   150 | D:1      | Learned a level 2 spell: Call Imp
   204 | D:1      | Reached skill level 1 in Fighting
   204 | D:1      | Reached skill level 3 in Stealth
   425 | D:3      | Reached XP level 3. HP: 17/18 MP: 1/8
   461 | D:3      | Found an ornate altar of the Wu Jian Council.
   521 | D:4      | Noticed a phantom
   575 | D:3      | HP: 1/18 [orc priest/nerve-wracking pain (12)]
   576 | D:3      | Gained mutation: You are partially covered in large bone plates. (SH +4) [potion of mutation]
   576 | D:3      | Gained mutation: You are partially covered in molten scales. (AC +2) [potion of mutation]
   576 | D:3      | Succumbed to an orc priest's poison

Skill      XL: |  1  2 |
---------------+-------+-----
Fighting       | 1 |  1.5
Stealth        | 3 |  3.6
Dodging        | |  1.5
Spellcasting   | |  3.2
Conjurations   | |  1.0
Summonings     | |  1.0
Translocations | |  1.0

Action                   || total
-------------------------++-------
Melee: Club              ||    49
       Bite              ||    10
       Unarmed           ||     2
       Morningstar       ||     8
 Cast: Magic Dart        ||    48
       Call Imp          ||     1
Evoke: Wand              ||     1
  Use: Potion            ||     2
       Scroll            ||     1
Armor: Robe              ||     9
       Quicksilver drago ||    34
Dodge: Dodged            ||    51

Table legend:
 A = Turns spent in this place as a percentage of turns spent in the entire game.
 B = Non-inter-level travel turns spent in this place as a percentage of non-inter-level travel turns spent in the entire game.
 C = Inter-level travel turns spent in this place as a percentage of turns spent in this place.
 D = Turns resting spent in this place as a percentage of non-inter-level travel turns spent in this place.
 E = Turns spent auto-exploring this place as a percentage of non-inter-level travel turns spent in this place.
 F = Non-inter-level travel turns spent in this place divided by the number of levels of this place that you've seen.
                   A       B       C       D       E      F
               +-------+-------+-------+-------+-------+----------------------
         Total | 100.0 | 100.0 |   0.0 |   0.0 |   0.0 | 144.0
       Dungeon | 100.0 | 100.0 |   0.0 |   0.0 |   0.0 | 144.0
               +-------+-------+-------+-------+-------+----------------------

Table legend:
 A = Kills in this place as a percentage of kills in entire the game.
 B = Kills by you in this place as a percentage of kills by you in the entire game.
 C = Kills by friends in this place as a percentage of kills by friends in the entire game.
 D = Other kills in this place as a percentage of other kills in the entire game.
 E = Experience gained in this place as a percentage of experience gained in the entire game.
 F = Experience gained in this place divided by the number of levels of this place that you have seen.
                   A       B       C       D       E      F
               +-------+-------+-------+-------+-------+----------------------
         Total | 100.0 | 100.0 |   N/A |   N/A | 100.0 |  10.5
       Dungeon | 100.0 | 100.0 |   N/A |   N/A | 100.0 |  10.5
               +-------+-------+-------+-------+-------+----------------------

Vault maps used:
D:1:      onia_arrival_mini_maze_b
D:2:      uniq_crazy_yiuf_cottage
D:3:      nicolae_overflow_crystal_walls, first_ration, uniq_natasha,
          uniq_jessica
D:4:      minmay_temple_entry_glassed_door, minmay_goblin_outpost,
          uniq_blork_the_orc
